 Dungeon Crawl Stone Soup version 0.28.0-45-g0d030f2227 (webtiles) character file.

Game seed: 16911699326376423828

56773 Peloso the Tortoise (level 14, 0/126 (133) HPs)
             Began as a Minotaur Fighter on Apr 5, 2022.
             Was the Champion of Okawaru.
             Killed from afar by an orc sorcerer (31 damage)
             ... with a bolt of negative energy
             ... while paralysed by an ogre mage
             ... on level 2 of the Orcish Mines.
             The game lasted 00:44:55 (18283 turns).

Peloso the Tortoise (Minotaur Fighter)             Turns: 18283, Time: 00:44:56

HP:   0/126 (133)   AC: 28    Str: 25    XL:     14   Next: 43%
MP:   13/14         EV:  2    Int:  8    God:    Okawaru [******]
Gold: 1045          SH:  0    Dex: 13    Spells: 13/13 levels left

rFire   + . .      SeeInvis +   a - +7 long sword of the Five Teeth {vorpal, rElec}
rCold   + + .      Faith    .   d - +0 kite shield
rNeg    . . .      Spirit   .   N - +0 crystal plate armour
rPois   .          Reflect  .   (helmet restricted)
rElec   +          Harm     .   z - scarf {rC+ rF+}
rCorr   .          Rampage  .   (no gloves)
Will    +....                   Q - +1 pair of boots of the Pink Corner {Str+2 Int+3}
Stlth   ..........              E - amulet of regeneration
HPRegen 1.11/turn               V - ring of see invisible
MPRegen 0.14/turn               S - ring of protection from cold

@: paralysed, studying Ice Magic, drained
A: horns 2, retaliatory headbutt
a: Renounce Religion, Heroism, Finesse, Duel


You were on level 2 of the Orcish Mines.
You worshipped Okawaru.
Okawaru was exalted by your worship.
You visited 4 branches of the dungeon, and saw 19 of its levels.
You also visited: Bailey and Ice Cave.

You collected 1271 gold pieces.
You spent 226 gold pieces at shops.

Inventory:

Hand Weapons
 a - the +7 long sword of the Five Teeth (weapon) {vorpal, rElec}
   (You bought it in a shop on level 2 of the Dungeon)

   It inflicts extra damage upon your enemies.
   rElec:     It insulates you from electricity.
 b - a +3 scimitar of flaming
Armour
 c - a +0 buckler
 d - a +0 kite shield (worn)
 z - a scarf of resistance (worn)
 N - a +0 crystal plate armour (worn)
 Q - the +1 pair of boots of the Pink Corner (worn) {Str+2 Int+3}
   (Okawaru gifted it to you on level 10 of the Dungeon)

   Str:       It affects your strength (+2).
   Int:       It affects your intelligence (+3).
Jewellery
 l - a +6 ring of strength
 n - a ring of flight
 E - an amulet of regeneration (around neck)
 S - a ring of protection from cold (right hand)
 V - a ring of see invisible (left hand)
Wands
 g - a wand of flame (20)
 r - a wand of iceblast (5)
 A - a wand of digging (1)
 U - a wand of mindburst (7)
Scrolls
 f - 4 scrolls of noise
 h - a scroll of holy word
 j - a scroll of fog
 k - a scroll of fear
 o - 3 scrolls of amnesia
 p - 3 scrolls of identify
 L - 2 scrolls of teleportation
 W - a scroll of immolation
Potions
 e - 6 potions of haste
 i - a potion of cancellation
 m - 4 potions of resistance
 q - a potion of mutation
 s - 4 potions of curing
 u - 2 potions of heal wounds
 B - 3 potions of berserk rage
 C - 2 potions of might


   Skills:
 + Level 14.3 Fighting
 + Level 16.6 Long Blades
 + Level 18.9 Armour
 + Level 2.6 Dodging
 + Level 1.6 Stealth
 + Level 14.2 Shields
 + Level 2.3 Invocations
 + Level 1.1 Evocations


You had 13 spell levels left.
You didn't know any spells.
Your spell library contained the following spells:

 Spells                   Type           Power      Damage    Failure   Level
 Freeze                   Ice            0%         1d3       100%        1
 Pain                     Necr           0%         1d4       100%        1
 Sting                    Tmut/Pois      0%         1d3       100%        1
 Poisonous Vapours        Pois/Air       0%         N/A       100%        2
 Scorch                   Fire           0%         2d5       100%        2
 Frozen Ramparts          Ice            0%         1d2       100%        3
 Vampiric Draining        Necr           0%         2d6       100%        3
 Flame Wave               Conj/Fire      0%         2d4       100%        4
 Hailstorm                Conj/Ice       0%         3d3       100%        4
 Ice Form                 Ice/Tmut       0%         N/A       100%        4
 Olgreb's Toxic Radiance  Pois           0%         N/A       100%        4
 Freezing Cloud           Conj/Ice/Air   0%         6-21      100%        5
 Dragon Form              Tmut           0%         N/A       100%        7
 Fire Storm               Conj/Fire      0%         5d1       100%        9
 Polar Vortex             Ice            0%         N/A       100%        9
 Animate Skeleton         Necr           Unusable   N/A       N/A         1
 Simulacrum               Ice/Necr       Unusable   N/A       N/A         6
 Summon Cactus Giant      Summ           Unusable   N/A       N/A         6

Dungeon Overview and Level Annotations

Branches:
Dungeon (12/15)            Temple (1/1) D:4            Lair (4/6) D:11
 Shoals (0/4) Lair:4        Snake (0/4) Lair:2          Orc (2/2) D:9
    Elf (0/3) Orc:2        Bailey (visited)           IceCv (visited)

Altars:
Ashenzari
Cheibriados
Dithmenos
Elyvilon
Fedhas
Gozag
Hepliaklqana
Kikubaaqudgha
Okawaru
Uskayaw
Vehumet
Xom
Yredelemnul
Zin
The Shining One

Shops:
D:2 [([   D:6 *

Annotations:
D:7 1 runed translucent door, dangdung's ghost, novice OpTm
D:12 2 transporters, Pettothyi's ghost, journeyman GnWr


Innate Abilities, Weirdness & Mutations

You have a pair of horns on your head.
You reflexively headbutt those who attack you in melee.


Message History

The ogre mage is severely wounded.
The ogre mage casts a spell at you.
You suddenly lose the ability to move!
The ogre mage hits you but does no damage.
The orc sorcerer hits you but does no damage.
The two-headed ogre hits you but does no damage.
The two-headed ogre barely misses you.
The ogre mage hits you but does no damage.
The orc sorcerer shouts, "You can't withstand my power!"
The orc sorcerer hits you but does no damage.
The ogre mage hits you but does no damage.
The orc sorcerer hits you but does no damage.
The ogre mage casts a spell at you. The bolt of magma hits you!
You partially resist.
The two-headed ogre hits you but does no damage. x2
The orc sorcerer hits you but does no damage.
The two-headed ogre hits you but does no damage.
The two-headed ogre hits you with a +0 giant spiked club!
The ogre mage hits you but does no damage.
The orc hits you but does no damage.
The two-headed ogre hits you with a +0 giant club.
The two-headed ogre hits you but does no damage.
The orc sorcerer hits you but does no damage.
The ogre mage hits you but does no damage.
The two-headed ogre hits you with a +0 giant spiked club!
The two-headed ogre hits you with a +0 giant spiked club.
The orc hits you but does no damage.
The orc sorcerer gestures at you while chanting.
The bolt of fire hits you! You resist.
You feel like a meek peon again.
The two-headed ogre hits you with a +0 giant club.
The two-headed ogre hits you but does no damage.
The ogre mage hits you with a +0 whip. The orc hits you but does no damage.
The two-headed ogre hits you with a +0 giant spiked club!
* * * LOW HITPOINT WARNING * * *
The two-headed ogre hits you but does no damage.
The orc sorcerer's eyes start to glow.
The orc sorcerer points at you and mumbles some strange words.
The bolt of negative energy hits you!!
You feel drained.
You die...

### ### ####
##.#######.###..##
#...#..##...#....# ##
##o.........#......
##.##oOOO.....O...o.O..
#....OoOo##.........#o.
##...O@####............
###.### ##......#....
### .............
..#####....... #.#
##...... #. #...###


You could see 4 two-headed ogres, an ogre mage (invisible), an orc sorcerer, an
ogre and 3 orcs.

Vanquished Creatures
  A frost giant (D:12)
  A fire dragon (D:10)
  3 boulder beetles
  8 hydras
  8 two-headed ogres
  8 skeletal warriors
  2 bog bodies (IceCv)
  An orc knight (Bailey)
  Pikel (D:6)
  An ugly thing (D:12)
  2 deep elf pyromancers (D:12)
  8 elephants (Lair:4)
  3 manticores (D:12)
  4 cyclopes
  A black mamba (Lair:4)
  Maurice (D:9)
  An ice statue (IceCv)
  Maggie (D:7)
  7 cane toads
  A gargoyle (D:12)
  3 unseen horrors
  A kobold demonologist (D:11)
  2 rime drakes (D:12)
  6 komodo dragons
  3 anaconda simulacra (IceCv)
  9 trolls
  3 meliai (D:12)
  5 slime creatures
  A polar bear (Lair:2)
  A hornet (D:8)
  7 blink frogs
  A shadow (D:9)
  3 wraiths
  4 wyverns
  40 yaks
  Grum (Lair:1)
  7 basilisks
  A steam dragon (D:10)
  3 death yak simulacra (IceCv)
  Edmund (D:4)
  A harpy simulacrum (IceCv)
  4 nagas (Lair:2)
  2 acid dragons
  9 water moccasins
  Duvessa (D:6)
  17 orc warriors
  4 black bears
  A necrophage (D:5)
  6 wolves
  2 centaurs
  4 ogres
  A lemure (D:6)
  2 phantoms (D:5)
  9 kobold brigands
  Blork the orc (D:6)
  12 bullfrogs
  2 gnoll sergeants (D:11)
  3 two-headed ogre simulacra (IceCv)
  5 scorpions
  2 cane toad simulacra (IceCv)
  Dowan (D:6)
  4 elephant simulacra (IceCv)
  11 killer bees
  2 howler monkeys
  5 wights (D:9)
  3 centaur zombies
  A bullfrog zombie (D:6)
  7 jellies
  4 orc priests
  2 hounds
  2 gnoll shamans
  Crazy Yiuf (D:4)
  5 iguanas
  9 orc wizards
  9 spriggan simulacra (IceCv)
  4 hell rats (Lair:1)
  3 wolf simulacra (IceCv)
  5 troll simulacra (IceCv)
  A hound skeleton (D:4)
  2 howler monkey zombies
  5 adders
  27 gnolls
  3 naga simulacra (IceCv)
  4 white imps (IceCv)
  9 ufetubi
  A worm (D:2)
  A dart slug (D:1)
  54 orcs
  10 ball pythons
  19 endoplasms
  2 giant cockroaches
  11 goblins
  8 hobgoblins
  6 quokkas
  5 bats
  4 frilled lizards
  12 kobolds
  6 rats
521 creatures vanquished.

Vanquished Creatures (others)
  An ogre (D:5)
  46 fungi
  47 plants
94 creatures vanquished.

Grand Total: 615 creatures vanquished

Notes
Turn   | Place    | Note
-------+----------+-------------------------------------------
     0 | D:1      | Peloso the Minotaur Fighter began the quest for the Orb.
     0 | D:1      | Reached XP level 1. HP: 19/19 MP: 0/0
   252 | D:1      | Reached XP level 2. HP: 23/27 MP: 1/1
   326 | D:1      | Found a faded altar of an unknown god.
   592 | D:1      | Reached skill level 4 in Armour
  1199 | D:2      | Reached XP level 3. HP: 33/33 MP: 2/2
  1376 | D:2      | Found Puffastisu's Armour Boutique.
  1560 | D:1      | Reached XP level 4. HP: 15/40 MP: 3/3
  1918 | D:2      | Found Ilongor's Armour Shop.
  2397 | D:2      | Found Uqimoll's Antique Weapon Emporium.
  2843 | D:3      | Reached skill level 1 in Dodging
  2843 | D:3      | Reached XP level 5. HP: 17/46 MP: 4/4
  3554 | D:2      | Reached skill level 5 in Armour
  4029 | D:2      | Bought a bloodstained long sword for 187 gold pieces
  4029 | D:2      | Identified the +7 long sword of the Five Teeth {vorpal,
                  | rElec} (You bought it in a shop on level 2 of the Dungeon)
  4125 | D:4      | Noticed Edmund
  4128 | D:4      | Noticed an ogre
  4134 | D:4      | Killed Edmund
  4135 | D:4      | Reached skill level 5 in Long Blades
  4135 | D:4      | Reached XP level 6. HP: 51/53 MP: 5/5
  4210 | D:4      | Found a staircase to the Ecumenical Temple.
  4267 | Temple   | Entered the Ecumenical Temple
  4363 | Temple   | Became a worshipper of Warmaster Okawaru
  4435 | D:4      | Reached skill level 6 in Armour
  4435 | D:4      | Reached XP level 7. HP: 60/60 MP: 6/6
  4439 | D:4      | Found a snail-covered altar of Cheibriados.
  4727 | D:4      | Reached skill level 7 in Armour
  4960 | D:4      | Found a runed translucent door.
  4961 | D:4      | Noticed Crazy Yiuf
  5092 | D:4      | Killed Crazy Yiuf
  5093 | D:4      | Reached skill level 5 in Fighting
  5200 | D:5      | Entered Level 5 of the Dungeon
  5221 | D:5      | Reached skill level 5 in Shields
  5685 | D:5      | Reached * piety under Okawaru
  5758 | D:5      | Reached XP level 8. HP: 67/69 MP: 7/7
  5903 | D:5      | Reached skill level 8 in Armour
  6279 | D:5      | Identified the +3 spear of Magnificence {drain, rC+}
  6329 | D:6      | Noticed Duvessa
  6329 | D:6      | Noticed Dowan
  6356 | D:6      | Killed Duvessa
  6361 | D:6      | Killed Dowan
  6621 | D:6      | Reached ** piety under Okawaru
  6794 | D:6      | Found Lousy's General Store.
  6806 | D:6      | Bought a scroll of noise for 13 gold pieces
  6806 | D:6      | Bought a scroll of fog for 26 gold pieces
  6943 | D:6      | Noticed Pikel
  6951 | D:6      | Killed Pikel
  6952 | D:6      | Reached skill level 9 in Armour
  6952 | D:6      | Reached XP level 9. HP: 64/78 MP: 8/8
  7070 | D:6      | Noticed Blork the orc
  7076 | D:6      | Killed Blork the orc
  8074 | D:7      | Reached *** piety under Okawaru
  8282 | D:7      | Noticed dangdung's ghost (novice OpTm)
  8285 | D:7      | Found a runed translucent door.
  8301 | D:7      | Noticed Maggie
  8301 | D:7      | Noticed a komodo dragon
  8319 | D:7      | Killed Maggie
  8320 | D:7      | Reached skill level 10 in Long Blades
  8320 | D:7      | Reached skill level 10 in Armour
  8322 | D:7      | Killed a komodo dragon
  8571 | D:7      | Identified the +0 pair of boots "Ushoocye" {Fly Int+2}
  8665 | D:8      | Reached skill level 1 in Stealth
  8721 | D:8      | Noticed a two-headed ogre
  8730 | D:8      | Killed a two-headed ogre
  8730 | D:8      | Reached **** piety under Okawaru
  8731 | D:8      | Reached XP level 10. HP: 53/90 MP: 9/9
  9034 | D:8      | Reached ***** piety under Okawaru
  9041 | D:8      | Noticed a cyclops
  9053 | D:8      | Killed a cyclops
  9521 | D:9      | Reached skill level 11 in Armour
  9559 | D:9      | Noticed a two-headed ogre
  9570 | D:9      | Killed a two-headed ogre
  9570 | D:9      | Identified the +11 great sword "Doopun" {drain, rN+ Stlth+}
                  | (Okawaru gifted it to you on level 9 of the Dungeon)
  9570 | D:9      | Received a gift from Okawaru
  9578 | D:9      | Got Jygitoj's Handbook of Transmigration and Battle Magic
  9632 | D:9      | Noticed Maurice
  9668 | D:9      | Killed Maurice
  9726 | D:9      | Noticed a two-headed ogre
  9732 | D:9      | Killed a two-headed ogre
  9733 | D:9      | Reached XP level 11. HP: 80/99 MP: 10/10
  9739 | D:9      | Noticed a two-headed ogre
  9746 | D:9      | Killed a two-headed ogre
  9747 | D:9      | Reached skill level 10 in Fighting
  9792 | D:9      | Reached skill level 12 in Armour
  9976 | D:9      | Found a staircase to the Orcish Mines.
 10165 | D:10     | Entered Level 10 of the Dungeon
 10227 | D:10     | Found a flagged portal.
 10262 | Bailey   | Entered a bailey
 10326 | Bailey   | Reached skill level 1 in Invocations
 10432 | Bailey   | Noticed an orc knight
 10484 | Bailey   | Killed an orc knight
 10593 | D:10     | Identified the +1 pair of boots of the Pink Corner {Str+2
                  | Int+3} (Okawaru gifted it to you on level 10 of the
                  | Dungeon)
 10593 | D:10     | Received a gift from Okawaru
 10655 | D:10     | Reached skill level 13 in Armour
 10985 | D:10     | Noticed a fire dragon
 10985 | D:10     | Noticed a two-headed ogre
 10993 | D:10     | Killed a two-headed ogre
 11003 | D:10     | Killed a fire dragon
 11004 | D:10     | Reached skill level 10 in Shields
 11203 | D:11     | Noticed a skeletal warrior
 11210 | D:11     | Noticed a skeletal warrior
 11211 | D:11     | Killed a skeletal warrior
 11212 | D:11     | Noticed a skeletal warrior
 11230 | D:10     | Killed a skeletal warrior
 11231 | D:10     | Reached skill level 14 in Armour
 11231 | D:10     | Reached XP level 12. HP: 86/110 MP: 10/12
 11297 | D:11     | Noticed a five-headed hydra
 11302 | D:11     | Killed a one-headed hydra
 11362 | D:11     | Noticed a five-headed hydra
 11362 | D:11     | Noticed a boulder beetle
 11373 | D:11     | Killed a three-headed hydra
 11390 | D:11     | Killed a boulder beetle
 11589 | D:11     | Noticed a boulder beetle
 11720 | D:11     | Reached ****** piety under Okawaru
 11758 | D:11     | Killed a boulder beetle
 11798 | D:11     | Identified the +6 ring mail of the Sparrow {Fly rPois Int+2
                  | Dex+4} (Okawaru gifted it to you on level 11 of the
                  | Dungeon)
 11798 | D:11     | Received a gift from Okawaru
 11809 | D:11     | Reached skill level 15 in Armour
 11870 | D:11     | Found a staircase to the Lair.
 12152 | D:11     | Reached skill level 15 in Long Blades
 12275 | D:12     | Found a transporter.
 12278 | D:12     | Found a transporter.
 12278 | D:12     | Noticed Pettothyi's ghost (journeyman GnWr)
 12281 | D:12     | Noticed a tengu reaver
 12281 | D:12     | Noticed a four-headed hydra
 12282 | D:12     | Noticed a sphinx
 12292 | D:12     | Killed a one-headed hydra
 12334 | D:12     | Found a frozen archway.
 12365 | IceCv    | Entered an ice cave
 12779 | IceCv    | Reached skill level 16 in Armour
 13025 | IceCv    | Reached XP level 13. HP: 119/119 MP: 13/13
 13235 | D:11     | Received a gift from Okawaru
 13532 | D:12     | Reached skill level 17 in Armour
 14229 | D:12     | Noticed a frost giant
 14247 | D:12     | Killed a frost giant
 14247 | D:12     | Identified the +1 crystal plate armour "Goluoz" {rPois
                  | Str-4 Dex+7 SInv} (Okawaru gifted it to you on level 12 of
                  | the Dungeon)
 14247 | D:12     | Received a gift from Okawaru
 14373 | D:12     | Reached skill level 18 in Armour
 14582 | Lair:1   | Entered Level 1 of the Lair of Beasts
 14823 | Lair:1   | Noticed Grum
 14852 | Lair:1   | Killed Grum
 15038 | Lair:1   | Found a broken altar of Ashenzari.
 15546 | Lair:2   | Found a staircase to the Snake Pit.
 15722 | Lair:2   | Found an ancient bone altar of Kikubaaqudgha.
 15860 | Lair:2   | Reached skill level 1 in Evocations
 15945 | Lair:2   | Reached XP level 14. HP: 129/129 MP: 14/14
 15979 | Lair:2   | You fall into a shaft and drop 1 floor!
 17124 | Lair:4   | Identified the +3 scale mail "Sacwothro" {Harm rN++ Str+2
                  | Dex-3} (Okawaru gifted it to you on level 4 of the Lair of
                  | Beasts)
 17124 | Lair:4   | Received a gift from Okawaru
 17396 | Lair:4   | Found a staircase to the Shoals.
 17972 | Orc:1    | Entered Level 1 of the Orcish Mines
 18205 | Orc:2    | Entered Level 2 of the Orcish Mines
 18232 | Orc:2    | Found a staircase to the Elven Halls.
 18276 | Orc:2    | Paralysed by an ogre mage for 7 turns
 18283 | Orc:2    | Killed from afar by an orc sorcerer

Illustrated notes

Levels and vault maps discovered:
D:1:      nicolae_arrival_memento_mori, layout_basic, basic_ecumenical_altar
D:2:      layout_basic, serial_shops, shop, nicolae_shop_hallway_stairs,
          nicolae_shop_hallway_plus
D:3:      layout_rooms, wander_ebering_terrifying_dragon_lair
D:4:      layout_loops_ring, cheibriados_altar_1, temple_pool_b, uniq_edmund,
          uniq_crazy_yiuf_cottage
D:5:      layout_loops_ring, lemuel_old_faithful
D:6:      layout_loops_corners, serial_shops, shop, uniq_blork_the_orc,
          uniq_pikel, uniq_duvessa
D:7:      layout_rooms, hellmonk_ghost_happy_afterlife, uniq_maggie
D:8:      layout_loops_ring, small_chamber_with_monster, minmay_manual_mess
D:9:      layout_cave_pools, orc_0_dummy, uniq_maurice
D:10:     layout_long_grid, enter_bailey_3, minmay_statues_item, minivault_25_ag
D:11:     layout_loops_cross, due_lair_maze_entry_diamond, special_room
          [special_room_kobold]
D:12:     layout_gridville, portal_ice_cave_rime, gammafunk_ghost_arena,
          evilmike_minifort
Temple:   mainiacjoe_temple_archimedes_tessellation
Lair:1:   hellmonk_destroyed_diamonds, layout_regular_city, basic_altar,
          uniq_grum
Lair:2:   layout_gridlike, minmay_snake_entry_guardpost_small, basic_altar
Lair:3:   lemuel_slime, layout_regular_city
Lair:4:   layout_misc_corridors, elwin_shoals_entry_rocks,
          chequers_serial_rivers_room_a
Orc:1:    layout_caves, serial_shops, shop
Orc:2:    grunt_orc_community_town_hall, layout_caves,
          grunt_orc_community_big_house_1, grunt_orc_community_big_house_1,
          grunt_orc_community_house_3, grunt_orc_community_house_2,
          grunt_orc_community_house_3, grunt_orc_community_house_3,
          grunt_orc_community_house_3, gauntlet_entry_generic

Skill      XL: |  1  2  3  4  5  6  7  8  9 10 11 12 13 14 |
---------------+-------------------------------------------+-----
Shields        | 4 5 6 8 10 11 13 14 | 14.2
Fighting       | 4 5 6 8 9 11 12 13 14 | 14.3
Armour         | 4 5 6 7 9 10 11 14 16 18 | 18.9
Long Blades    | 3 4 5 6 9 11 12 14 15 16 | 16.6
Dodging        | 1 2 |  2.6
Stealth        | 1 |  1.6
Invocations    | 1 2 |  2.3
Evocations     | 1 |  1.1

Action                   |  1- 3 |  4- 6 |  7- 9 | 10-12 | 13-15 || total
-------------------------+-------+-------+-------+-------+-------++-------
Melee: Long sword        |    98 |   109 |   185 |   600 |   554 ||  1546
       Headbutt          |     4 |    15 |    35 |   135 |   159 ||   348
       Scimitar          |       |       |       |    12 |    26 ||    38
Invok: Heroism           |       |       |     2 |    10 |     5 ||    17
Evoke: Wand              |       |       |       |     7 |     6 ||    13
  Use: Scroll            |       |       |     7 |     9 |     5 ||    21
       Potion            |       |       |       |       |     2 ||     2
Armor: Scale mail        |    49 |    43 |     3 |       |       ||    95
       Chain mail        |       |       |    25 |       |       ||    25
       Plate armour      |       |       |    58 |    83 |       ||   141
       Skin              |       |       |       |    25 |       ||    25
       Crystal plate arm |       |       |       |   294 |   361 ||   655
Dodge: Dodged            |    37 |    56 |    64 |   137 |   110 ||   404
Block: Buckler           |    26 |    26 |    24 |       |       ||    76
       Kite shield       |       |       |    34 |   353 |   345 ||   732
